 Dungeon Crawl Stone Soup version 0.17.0-24-gcfadda4 (webtiles) character file.

536 Raultor the Changer (level 7, 0/43 HPs)
             Began as an Octopode Transmuter on Nov 15, 2015.
             Slain by Menkaure (21 damage)
             ... on level 5 of the Dungeon.
             The game lasted 00:10:32 (4213 turns).

Raultor the Changer (Octopode Transmuter)           Turns: 4213, Time: 00:10:32

Health: 0/43       AC:  1    Str: 11    XL:     7   Next: 25%
Magic:  6/10       EV: 12    Int: 15    God:
Gold:   163        SH:  0    Dex: 13    Spells: 3 memorised, 4 levels left

rFire  . . .     SeeInvis .       - Unarmed
rCold  . . .     Clarity  .     (no shield)
rNeg   . . .     SustAt   .     (helmet restricted)
rPois  .         Gourm    .     v - amulet of rage
rElec  .         Spirit   .     (no ring)
rCorr  .         Warding  .     (no ring)
rMut   .         Stasis   .     (no ring)
MR     .....                    (no ring)
Stlth  ++........               (no ring)
                                (no ring)
                                (no ring)
                                (no ring)

@: not resistant to hostile enchantments, unstealthy
A: almost no armour, amphibious, 8 rings, constrict 8, camouflage 1, gelatinous
body 1
a: Evoke Berserk Rage


You were on level 5 of the Dungeon.
You were hungry.

You visited 1 branch of the dungeon, and saw 5 of its levels.

You collected 163 gold pieces.

Inventory:

Missiles
 a - 93 arrows
Armour
 m - a +0 shield
Jewellery
 v - an amulet of rage (around mantle)
Wands
 j - a wand of slowing (36)
Scrolls
 d - 5 scrolls of identify {unknown}
 h - a scroll of teleportation {unknown}
 o - a scroll of amnesia {unknown}
 q - a scroll of remove curse {unknown}
 u - a scroll of blinking {unknown}
Potions
 e - a potion of heal wounds {unknown}
 f - a potion of flight {unknown}
 i - 2 potions of curing {unknown}
 l - a potion of agility {unknown}
 n - a potion of cancellation {unknown}
 p - a potion of lignification {unknown}
 r - a potion of cure mutation {unknown}
 s - a potion of berserk rage {unknown}
Books
 b - a book of Changes

   Spells                             Type                      Level
   a - Beastly Appendage              Transmutation                1
   b - Sticks to Snakes               Transmutation                2
   c - Spider Form                    Transmutation/Poison         3
   d - Ice Form                       Ice/Transmutation            4
   e - Blade Hands                    Transmutation                5
 w - a book of Conjurations

   Spells                             Type                      Level
   a - Magic Dart                     Conjuration                  1
   b - Searing Ray                    Conjuration                  2
   c - Dazzling Spray                 Conjuration/Hexes            3
   d - Fulminant Prism                Conjuration/Hexes            4
   e - Iskenderun's Mystic Blast      Conjuration                  4
   f - Iskenderun's Battlesphere      Conjuration/Charms           5
Comestibles
 c - 3 bread rations
 g - 2 slices of pizza
 k - 3 meat rations
 t - 5 fruits


   Skills:
 - Level 1.0 Fighting
 - Level 2.0 Dodging
 - Level 4.7 Unarmed Combat
 - Level 2.0 Spellcasting
 * Level 6.7 Transmutations


You had 4 spell levels left.
You knew the following spells:

 Your Spells              Type           Power        Failure   Level  Hunger
a - Beastly Appendage     Trmt           ###...       1%          1    #......
b - Sticks to Snakes      Trmt           ###.......   1%          2    ###....
c - Spider Form           Trmt/Pois      ##........   21%         3    ###....


Dungeon Overview and Level Annotations

Branches:
Dungeon (5/15)
 Temple: D:4-7

Altars:
Cheibriados
Makhleb

Annotations:
D:5 Menkaure


Innate Abilities, Weirdness & Mutations

You cannot wear most types of armour.
You are amphibious.
You can wear up to eight rings at the same time.
You can use your tentacles to constrict eight enemies at once.
Your skin changes colour to match your surroundings (Stealth).
Your rubbery body absorbs attacks (AC +1).


Message History

Confirm with . or Enter, or press ? or * to list all spells.
Okay, then.
Menkaure shouts!
Casting: Spider Form
Confirm with . or Enter, or press ? or * to list all spells.
You create a snake!
You are feeling hungry.
You tentacle-slap Menkaure. You grab Menkaure.
You squeeze Menkaure, but do no damage.
Menkaure is lightly damaged.
You constrict Menkaure. You tentacle-slap Menkaure.
Menkaure is moderately damaged.
You constrict Menkaure. Menkaure hits you!
Your ball python bites Menkaure but does no damage.
Casting: Sticks to Snakes
Confirm with . or Enter, or press ? or * to list all spells.
You create a snake!
You constrict Menkaure.
Your ball python bites Menkaure.
Menkaure hits you!!
You die...

..
..................+
#..................#
#.............>......
..#######....##....##
########.......#
...........)....
......S.........
....?...........
.......@........
......SM........
.>........######
..........#
..........#
########.## #.# .#


You could see Menkaure, a friendly adder and a friendly ball python.

Vanquished Creatures
  An ogre (D:4)
  A centaur (D:3)
  Blork the orc (D:4)
  2 hounds
  Ijyb (D:3)
  An iguana (D:4)
  2 orc wizards (D:4)
  8 adders
  2 giant geckos
  10 orcs
  5 bats
  2 giant cockroaches (D:2)
  10 goblins
  2 hobgoblins
  3 jackals (D:1)
  2 quokkas
  A ball python (D:2)
  A giant gecko skeleton (D:3)
  3 giant newts
  6 kobolds
  8 rats
72 creatures vanquished.

Notes
Turn   | Place    | Note
--------------------------------------------------------------
     0 | D:1      | Raultor the Octopode Transmuter began the quest for the Orb.
     0 | D:1      | Reached XP level 1. HP: 13/13 MP: 3/3
   107 | D:1      | Reached XP level 2. HP: 15/18 MP: 5/5
   762 | D:1      | Reached XP level 3. HP: 23/23 MP: 6/6
  1122 | D:2      | Found a snail-covered altar of Cheibriados.
  1508 | D:2      | Reached skill level 4 in Unarmed Combat
  1819 | D:2      | Learned a level 2 spell: Sticks to Snakes
  1823 | D:2      | Learned a level 3 spell: Spider Form
  1845 | D:2      | Reached XP level 4. HP: 24/28 MP: 7/7
  2404 | D:3      | Noticed Ijyb
  2416 | D:3      | Killed Ijyb
  2486 | D:3      | Reached XP level 5. HP: 31/33 MP: 2/8
  2703 | D:3      | Noticed a centaur
  2711 | D:3      | Killed a centaur
  2932 | D:4      | Reached XP level 6. HP: 38/38 MP: 9/9
  2995 | D:4      | Noticed an ogre
  3005 | D:4      | Killed an ogre
  3005 | D:4      | Reached skill level 5 in Transmutations
  3659 | D:4      | Reached skill level 6 in Transmutations
  3670 | D:4      | Reached XP level 7. HP: 32/43 MP: 7/10
  3775 | D:4      | Found a burning altar of Makhleb.
  3936 | D:4      | Noticed Blork the orc
  3949 | D:4      | Killed Blork the orc
  4147 | D:5      | Entered Level 5 of the Dungeon
  4205 | D:5      | Noticed Menkaure
  4213 | D:5      | Slain by Menkaure

Action                   |  1- 3 |  4- 6 |  7- 9 || total
-------------------------+-------+-------+-------++-------
Melee: Unarmed           |    59 |   113 |    22 ||   194
 Cast: Beastly Appendage |     1 |       |       ||     1
       Spider Form       |       |     6 |     1 ||     7
       Sticks to Snakes  |       |     3 |     2 ||     5
 Stab: Sleeping          |     8 |       |       ||     8
  Eat: Chunk             |     3 |     6 |     2 ||    11
